 Dungeon Crawl Stone Soup version 0.30-a0-622-gddc90eaa04 (webtiles) character file.

Game seed: 14162741770702935915

814 ragingrage the Sneak (level 7, -9/48 HPs)
             Began as an Octopode Artificer on Jan 10, 2023.
             Mangled by Menkaure (21 damage)
             ... on level 5 of the Dungeon.
             The game lasted 00:05:10 (3821 turns).

ragingrage the Sneak (Octopode Artificer)           Turns: 3821, Time: 00:05:10

Health: -9/48      AC:  1    Str: 12    XL:     7   Next: 93%
Magic:  7/7        EV: 13    Int: 15    God:
Gold:   169        SH:  0    Dex: 14    Spells: 6/6 levels left

rFire   . . .      SeeInvis .    a - +6 dagger "Newtslayer" {speed, rElec Int+2}
rCold   . . .      Faith    .    (no shield)
rNeg    . . .      Spirit   .    (helmet restricted)
rPois   .          Reflect  .    (no amulet)
rElec   +          Harm     .    (no ring)
rCorr   .          Rampage  .    (no ring)
Will    .....                    (no ring)
Stlth   ++++                     (no ring)
HPRegen 0.28/turn                (no ring)
MPRegen 0.10/turn                (no ring)
                                 (no ring)
                                 (no ring)

@: no status effects
A: almost no armour, amphibious, 8 rings, camouflage 1, gelatinous body 1,
(nimble swimmer 1), tentacles
a: no special abilities


You were on level 5 of the Dungeon.
You visited 1 branch of the dungeon, and saw 5 of its levels.
You also visited: Sewer.

You collected 169 gold pieces.

Inventory:

Hand Weapons
 a - the +6 dagger "Newtslayer" (weapon) {speed, rElec Int+2}
   (You found it on level 4 of the Dungeon)

   Int:       It affects your intelligence (+2).
   rElec:     It insulates you from electricity.
 b - a +2 trident of venom
 f - a +0 short sword
 r - a +1 scythe of flaming
Missiles
 k - 4 silver javelins
 s - 7 poisoned darts
Wands
 c - a wand of charming (14)
 d - a wand of iceblast (5)
 u - a wand of flame (36) (quivered)
Scrolls
 e - 2 scrolls of fear
 g - 2 scrolls of identify
 h - a scroll of immolation {unknown}
 j - 2 scrolls of noise
 m - 3 scrolls of blinking {unknown}
 o - a scroll of vulnerability {unknown}
 v - 2 scrolls of teleportation {unknown}
 x - a scroll of fog {unknown}
 y - a scroll of enchant weapon {unknown}
Potions
 i - 2 potions of brilliance {unknown}
 l - 3 potions of curing
 n - a potion of heal wounds {unknown}
 p - a potion of degeneration {unknown}
 q - a potion of magic {unknown}
 t - 3 potions of flight
 w - a potion of ambrosia {unknown}
 z - 2 potions of attraction


   Skills:
 - Level 4.0 Fighting
 + Level 4.9 Short Blades
 - Level 2.3 Dodging
 + Level 6.3 Stealth
 - Level 5.0 Evocations


You had 6 spell levels left.
You didn't know any spells.
Your spell library was empty.

Dungeon Overview and Level Annotations

Branches:
Dungeon (5/15)              Sewer (visited)
 Temple: D:4-7

Altars:

Shops:
D:3 [

Annotations:
D:5 Eustachio, Menkaure


Innate Abilities, Weirdness & Mutations

You cannot wear most types of armour.
You are amphibious.
You can wear up to eight rings at the same time.
Your skin changes colour to match your surroundings (Stealth+).
Your rubbery body absorbs attacks. (AC +1, EV +1)
((You are camouflaged when in or above water. (Stealth+)))
You have tentacles for arms and can constrict up to eight enemies at once.


Message History

t - Shout!
Orders for allies: a - Attack new target. r - Retreat! s - Stop attacking. g - Guard the area. f - Follow me.
Anything else - Cancel.
You shout for attention!
You hear an angry growl.
You hear a shout! x2
Eustachio the Magnificent comes into view.
He is wielding a +0 rapier.
A quokka comes into view.
There are monsters nearby!
Aiming: Charm
Press: ? - help, Shift-Dir - straight line, f - Eustachio
Aim: Eustachio, wielding a +0 rapier and wearing a +0 leather armour (chance to affect: 62%) Eustachio is charmed.
What are your orders? t - Shout!
Orders for allies: a - Attack new target. p - Attack previous target. r - Retreat! s - Stop attacking. g - Guard the area. f - Follow me.
Anything else - Cancel.
You shout for attention!
You hear a bark!
An orc and a black bear come into view.
Eustachio casts a spell.
Eustachio blinks!
A hound comes into view.
The black bear bites you! The black bear completely misses you.
The black bear misses you.
Menkaure points at you and mumbles some strange words.
Pain shoots through your body! Menkaure hits you!!
* * * LOW HITPOINT WARNING * * *
There is a stone staircase leading up, spattered with blood here.
You can't go down here!
As you read the scroll of fear, it crumbles to dust.
You assume a fearsome visage.
Menkaure is unaffected.
The orc looks frightened!
The ice beast looks frightened!
The quokka looks frightened!
The hound resists with some effort.
The black bear looks frightened!
Eustachio casts a spell.
Eustachio blinks!
Menkaure hits you!!
You die...

#........
#.....ยง..
###......
........o.
#........#
####......h.#
.......##.#h#
.^.......#.#
#.##......#@#
Y.........#M#
.###....[..#
...........r#
..##.###.####
# #.# ...
.###. #. .


You could see a black bear (fleeing), Menkaure, a hound, an orc (fleeing) and a
quokka (fleeing).

Vanquished Creatures
  Sigmund (D:3)
  An ogre (D:4)
  A centaur (D:4)
  2 kobold brigands (Sewer)
  A scorpion (D:4)
  A howler monkey (D:4)
  2 hounds (D:4)
  An orc wizard (D:3)
  An iguana (D:4)
  6 adders
  A worm (D:4)
  3 orcs (D:3)
  5 ball pythons
  A bat (D:2)
  8 endoplasms
  4 giant cockroaches
  3 goblins
  3 hobgoblins
  8 jackals
  7 quokkas
  2 frilled lizards (D:3)
  9 kobolds
  12 rats
83 creatures vanquished.

Notes
Turn   | Place    | Note
-------+----------+-------------------------------------------
     0 | D:1      | ragingrage the Octopode Artificer began the quest for the
                  | Orb.
     0 | D:1      | Reached XP level 1. HP: 13/13 MP: 1/1
    88 | D:1      | Reached skill level 2 in Stealth
   211 | D:1      | Reached XP level 2. HP: 5/18 MP: 2/2
   795 | D:1      | You fall into a shaft and drop 1 floor!
   875 | D:2      | Reached skill level 1 in Short Blades
   875 | D:2      | Reached XP level 3. HP: 22/23 MP: 3/3
   917 | D:2      | Reached skill level 3 in Stealth
   938 | D:2      | Found a faded altar of an unknown god.
  1509 | D:3      | Reached XP level 4. HP: 22/29 MP: 4/4
  1563 | D:3      | Noticed Sigmund
  1572 | D:3      | Killed Sigmund
  1573 | D:3      | Reached skill level 5 in Stealth
  1573 | D:3      | Reached XP level 5. HP: 23/35 MP: 5/5
  1573 | D:3      | Reached XP level 6. HP: 27/41 MP: 6/6
  1622 | D:3      | Found a glowing drain.
  1716 | Sewer    | Entered a sewer
  1814 | Sewer    | Reached skill level 6 in Stealth
  1913 | Sewer    | Found a white marble altar of Elyvilon.
  2213 | D:3      | Found Guleyfim's Armour Shoppe.
  2246 | D:3      | Reached XP level 7. HP: 25/46 MP: 7/7
  2809 | D:4      | Identified the +6 dagger "Newtslayer" {speed, rElec Int+2}
  2822 | D:4      | Reached skill level 5 in Evocations
  3723 | D:5      | Entered Level 5 of the Dungeon
  3726 | D:5      | Noticed Menkaure
  3814 | D:5      | Noticed Eustachio
  3821 | D:5      | Mangled by Menkaure

Illustrated notes

Levels and vault maps discovered:
D:1:      dpeg_arrival_shrine, layout_basic, minmay_split_cup_large
D:2:      layout_loops_ring, hellmonk_ecumenical_altar_arch_garden
D:3:      layout_basic, serial_shops, nicolae_shop_stone, gup_sewer_entry_pipe,
          uniq_sigmund
D:4:      layout_basic
D:5:      layout_loops_cross, lemuel_crystal_altar, serial_shops,
          nicolae_shop_bloodbath_and_beyond, nicolae_shop_vocational,
          uniq_eustachio, uniq_menkaure

Skill      XL: |  1  2  3  4  5  6  7 |
---------------+----------------------+-----
Stealth        | 2 3 5 6 |  6.3
Short Blades   | 1 2 4 |  4.9
Fighting       | 2 3 4 |  4.0
Evocations     | 4 5 |  5.0
Dodging        | |  2.3

Action                   |  1- 3 |  4- 6 |  7- 9 || total
-------------------------+-------+-------+-------++-------
Melee: Short sword       |    52 |    61 |       ||   113
       Tentacles         |    10 |    15 |    12 ||    37
       Constrict         |    14 |    18 |     7 ||    39
       Trident           |       |    11 |    22 ||    33
       Punch             |       |     1 |       ||     1
       Dagger            |       |       |    28 ||    28
Evoke: Wand              |       |     2 |     2 ||     4
  Use: Scroll            |       |     4 |     1 ||     5
       Potion            |       |     1 |       ||     1
 Stab: Sleeping          |     8 |     6 |     7 ||    21
Armor: Skin              |     4 |       |     1 ||     5
Dodge: Dodged            |    25 |    40 |    16 ||    81

Table legend: (Time is in decaauts)
 A = Elapsed time spent in this place.
 B = Non-inter-level travel time spent in this place.
 C = Inter-level travel time spent in this place.
 D = Time resting spent in this place.
 E = Time spent auto-exploring this place.
 F = Levels seen in this place.
 G = Mean time per level.
                   A        B        C        D        E       F      G
               +--------+--------+--------+--------+--------+-----+--------+
         Total |   3805 |   3687 |    118 |    636 |   2309 |   6 |  634.2 |
       Dungeon |   3549 |   3431 |    118 |    568 |   2222 |   5 |  709.8 |
         Sewer |    256 |    256 |      0 |     68 |     87 |   1 |  256.0 |
               +--------+--------+--------+--------+--------+-----+--------+

Top non-repeatable levels by time:
     D:4: 1229 daAuts
     D:3: 837 daAuts
     D:1: 794 daAuts
     D:2: 667 daAuts
   Sewer: 256 daAuts
     D:5: 21 daAuts
